 Dungeon Crawl Stone Soup version 0.29-a0-393-g47a863cc1b (webtiles) character file.

Game seed: 13469966898639557800

121294 MordorOrchid the Eclecticist (level 17, -6/118 HPs)
             Began as a Djinni Air Elementalist on May 8, 2022.
             Was a Believer of Uskayaw.
             Mangled by an ice dragon (10 damage)
             ... while paralysed by a floating eye
             ... on level 1 of the Depths on May 9, 2022.
             The game lasted 02:54:03 (29243 turns).

MordorOrchid the Eclecticist (DjAE)                Turns: 29243, Time: 02:54:04

Health: -6/118     AC: 14    Str:  7    XL:     17   Next: 39%
Gold:   3034       EV:  2    Int: 23    God:    Uskayaw [**....] SH:  0 Dex: 22

rFire   + + .      SeeInvis .   J - staff of conjuration
rCold   . . .      Faith    .   f - +1 kite shield
rNeg    . . .      Spirit   .   U - +4 leather armour of Tecelivi {rC+}
rPois   ∞          Reflect  .   j - +0 helmet
rElec   .          Harm     .   E - scarf {+Inv}
rCorr   .          Rampage  .   C - +0 pair of gloves
Will    +....                   (boots unavailable)
Stlth   +++.......              e - amulet of regeneration
HPRegen 1.09/turn               L - +4 ring of protection
MPRegen 0.00/turn               Y - +6 ring of dexterity

@: paralysed, flying
A: sickness immunity, fire resistance 2, cold vulnerability 1, float, innate
caster, HP casting, extra vitality 1
a: Renounce Religion, Evoke Invisibility, Stomp, Line Pass


You were on level 1 of the Depths.
You worshipped Uskayaw.
Uskayaw was aware of your devotion.
You visited 6 branches of the dungeon, and saw 28 of its levels.
You also visited: Gauntlet, Ice Cave and Volcano.

You collected 3184 gold pieces.
You spent 150 gold pieces at shops.

Inventory:

Hand Weapons
 k - the +9 morningstar of Honour {vorpal, rF+ Int+2}
   (You found it on level 4 of the Lair of Beasts)

   It inflicts extra damage upon your enemies.
   Int:       It affects your intelligence (+2).
   rF:        It protects you from fire.
 w - the +1 hunting sling of Ogieq {venom, Stlth+}
   (You took it off a minotaur in a Gauntlet)

   Any ammunition fired from it poisons the flesh of those it strikes.
   Stlth:     It makes you more stealthy.
 y - a +6 dagger of freezing
 S - the +10 morningstar "Eos" {elec, Halo rElec}
   (You found it in a Gauntlet)

   It occasionally discharges a powerful burst of electricity upon striking a
   foe.
   It grants its wielder a halo, increasing accuracy against those within it.
   rElec:     It insulates you from electricity.
Missiles
 A - 5 silver javelins
 I - 6 curare-tipped darts
 M - 52 poisoned darts (quivered)
 X - 12 boomerangs
Armour
 f - a +1 kite shield (worn)
 j - a +0 helmet (worn)
 C - a +0 pair of gloves (worn)
 E - a scarf of invisibility (worn)
 T - the +2 troll leather armour of Ocvefid {rF+ Will++ Regen+ Str-4}
   (You found it in a Gauntlet)

   Str:       It affects your strength (-4).
   rF:        It protects you from fire.
   Regen:     It increases your rate of health regeneration.
   Will:      It greatly increases your willpower.
 U - the +4 leather armour of Tecelivi (worn) {rC+}
   (You found it on level 8 of the Dungeon)

   rC:        It protects you from cold.
Magical Staves
 s - a staff of poison
 J - a staff of conjuration (weapon)
 R - a staff of fire
Jewellery
 e - an amulet of regeneration (around neck)
 L - a +4 ring of protection (left hand)
 W - a ring of positive energy
 Y - a +6 ring of dexterity (right hand)
 Z - a ring of wizardry
Wands
 b - a wand of mindburst (30)
 p - a wand of acid (5)
 D - a wand of iceblast (13)
 F - a wand of flame (43)
 K - a wand of polymorph (16)
 N - a wand of digging (8)
 Q - a wand of charming (5)
Scrolls
 g - 3 scrolls of fog
 h - 2 scrolls of identify
 l - 2 scrolls of blinking
 n - 19 scrolls of teleportation
 u - a scroll of summoning
 v - 2 scrolls of immolation
 z - a scroll of magic mapping
 G - a scroll of poison
 V - a scroll of brand weapon
Potions
 c - 5 potions of brilliance
 d - 4 potions of attraction
 i - a potion of cancellation
 o - 11 potions of heal wounds
 q - 6 potions of might
 r - 4 potions of resistance
 t - 3 potions of haste
 x - 4 potions of berserk rage
 B - 8 potions of invisibility
 O - 10 potions of curing
 P - 3 potions of ambrosia
Miscellaneous
 a - a lightning rod (4/4)
 m - a condenser vane
 H - a phial of floods


   Skills:
 * Level 9.8 Fighting
 - Level 5.3 Armour
 * Level 11.4 Dodging
 * Level 5.5 Stealth
 * Level 9.2 Shields
 + Level 15.3 Spellcasting
 * Level 9.9 Invocations
 * Level 10.0 Evocations


You had 5 spell levels left.
You knew the following spells:

 Your Spells              Type           Power      Damage    Failure   Level
a - Shock                 Conj/Air       100%       1d9       1%          1
b - Airstrike             Air            36%        N/A       1%          4
c - Static Discharge      Conj/Air       93%        N/A       1%          2
d - Corpse Rot            Necr/Air       100%       N/A       1%          2
e - Pain                  Necr           100%       1d9       1%          1
f - Iron Shot             Conj/Erth      46%        9d9       3%          6
p - Passage of Golubria   Tloc           73%        N/A       1%          4
r - Flame Wave            Conj/Fire      93%        2d16      1%          4
s - Summon Cactus Giant   Summ           36%        N/A       3%          6
E - Borgnjor's Vile Clut  Necr/Erth      36%        N/A       1%          5
P - Portal Projectile     Hex/Tloc       100%       N/A       1%          3
W - Swiftness             Air            73%        N/A       1%          3
Your spell library was empty.

Dungeon Overview and Level Annotations

Branches:
Dungeon (15/15)            Temple (1/1) D:4            Lair (6/6) D:10
 Shoals (0/4) Lair:2       Spider (3/4) Lair:3        Slime (0/5) Lair:5
    Orc (2/2) D:10            Elf (0/3) Orc:2        Vaults (0/5) D:13
 Depths (1/4) D:15          IceCv (visited)         Volcano (visited)
Gauntlet (visited)

Altars:
Ashenzari
Cheibriados
Dithmenos
Elyvilon
Fedhas
Gozag
Hepliaklqana
Kikubaaqudgha
Makhleb
Nemelex Xobeh
Okawaru
Qazlal
Ru
Sif Muna
Trog
Uskayaw
Vehumet
Wu Jian
Xom
Yredelemnul
Zin
The Shining One
Beogh

Shops:
D:4 *   D:6 :   D:9 *   D:13 !=:   Orc:2 [[!(

Annotations:
D:8 2 runed translucent doors
D:12 3 runed translucent doors, Miritol's ghost, journeyman TeHu
Lair:3 Rupert
Spider:2 3 runed translucent doors, Zirex's ghost, adept SpEn


Innate Abilities, Weirdness & Mutations

You are immune to sickness and miasma.
You are immune to poison.
Your flesh is very heat resistant. (rF++)
You are vulnerable to cold. (rC-)
You float through the air rather than walking.
You learn spells naturally, not from books.
Your magical power is your life essence.
You have superior vitality. (+4 MHP)


Message History

You can now pass through a line of other dancers.
Unknown command.
Casting: Iron Shot (dangerous; 3% risk of failure)
Confirm with . or Enter, or press ? or * to list all spells.
Aiming: Iron Shot (dangerous; 3% risk of failure)
Press: ? - help, Shift-Dir - straight line, f/p - hell knight
Aim: a hell knight, wielding a +0 broad axe of flaming and wearing a +0 chain mail (heavily wounded, 84% to hit)
You feel a surge of power!
The iron shot misses the hell knight.
A water elemental comes into view.
The hell knight invokes the aid of its god against you.
The bolt of fire hits you! You resist.
The necromancer casts a spell.
The necromancer binds the souls of nearby monsters.
The hell knight utters an invocation to its god.
The hell knight seems to speed up.
Unknown command.
Casting: Iron Shot (dangerous; 3% risk of failure)
Confirm with . or Enter, or press ? or * to list all spells.
Aiming: Iron Shot (dangerous; 3% risk of failure)
Press: ? - help, Shift-Dir - straight line, f/p - hell knight
Aim: a hell knight, wielding a +0 broad axe of flaming and wearing a +0 chain mail (heavily wounded, soul bound, 84% to hit)
You feel a surge of power!
The iron shot hits the hell knight!!
You kill the hell knight!
A freezing mist starts to gather...
A hell knight simulacrum comes into view.
The floating eye gazes piercingly through you!
You suddenly lose the ability to move!
The hell knight hits you with a +3 great sword.
The ice dragon breathes frost at you. The blast of cold hits you!!!
* * * LOW HITPOINT WARNING * * *
You hear a deafening roar!
You hear a horrible gurgling sound! x2
The hell knight hits you with a +3 great sword.
* * * LOW HITPOINT WARNING * * *
The hell knight hits you with a +2 demon blade of flaming!
* * * LOW HITPOINT WARNING * * *
The hell knight burns you.
* * * LOW HITPOINT WARNING * * *
The ice dragon bites you!
You die...

## ##.#
##..###.##
#........#
#@D≈≈≈.#
#ppG≈≈....
.ppp....≈..
....)p..#..≈.
#....Z..###
... ##.......
≈≈ ##...... .
.......


You could see an ice dragon (soul bound), 3 hell knights, 3 necromancers, a
floating eye and a hell knight simulacrum.

Vanquished Creatures
  An orc warlord (Orc:1)
  A ghost moth (Spider:3)
  4 entropy weavers
  Azrael (Orc:2)
  A red draconian (Volcano)
  A spark wasp (Spider:2)
  Josephine (Orc:1)
  A great orb of eyes (Gauntlet)
  2 jorogumos
  An ogre mage (D:11)
  3 boulder beetles
  2 catoblepae
  8 hydras
  2 centaur warriors
  A merfolk avatar (Lair:6)
  2 dancing weapons (D:13)
  4 two-headed ogres
  3 death yaks (Lair:6)
  6 tengu warriors
  7 orc high priests (Orc:2)
  Sonja (D:12)
  A salamander mystic (Volcano)
  A hell knight (Depths:1)
  2 pharaoh ants (Spider:2)
  2 steelbarb worms
  4 orb spiders
  A sea snake (Lair:6)
  A flayed ghost (D:14)
  2 bog bodies (IceCv)
  3 wizards
  A wolf spider zombie (D:15)
  2 deep elf pyromancers
  A necromancer (D:15)
  6 wolf spiders
  An orc sorcerer (D:15)
  7 manticores
  17 ugly things
  2 moths of wrath
  2 cyclopes
  4 salamanders (Volcano)
  An ice statue (IceCv)
  5 elephants
  3 black mambas
  4 gargoyles
  2 molten gargoyles (Volcano)
  2 unseen horrors
  11 cane toads
  5 rime drakes
  A freezing wraith (IceCv)
  An anaconda simulacrum (IceCv)
  An ice devil (IceCv)
  4 komodo dragons
  4 demonic crawlers (Spider:1)
  An efreet (D:13)
  4 kobold demonologists
  An entropy weaver simulacrum (IceCv)
  A tengu conjurer (D:15)
  A harpy zombie (D:15)
  3 meliai (D:14)
  2 wind drakes
  14 polar bears
  5 tarantellas
  11 trolls
  A blink frog (shapeshifter) (D:12)
  2 snapping turtles (Lair:6)
  5 slime creatures (D:14)
  A hornet (Lair:6)
  18 blink frogs
  A jumping spider (shapeshifter) (D:11)
  28 jumping spiders
  3 flying skulls (Gauntlet)
  5 water elementals
  A ynoxinul (Gauntlet)
  7 culicivoras
  A dire elephant simulacrum (IceCv)
  A shadow (D:10)
  12 wraiths
  3 fire elementals (Orc:2)
  3 basilisks
  31 yaks
  11 wyverns
  3 steam dragons
  22 redbacks
  9 vampire mosquitoes (D:13)
  7 wargs
  A death yak simulacrum (IceCv)
  A harpy simulacrum (D:15)
  2 acid dragons
  5 hell hounds (Orc:2)
  A water moccasin (shapeshifter) (D:12)
  9 water moccasins
  A meliai simulacrum (D:15)
  17 orc warriors
  3 sky beasts
  2 ice beasts (D:8)
  4 black bears
  16 centaurs
  18 wolves
  7 ogres
  2 phantoms (D:5)
  7 kobold brigands
  17 bullfrogs
  A gnoll sergeant (D:11)
  5 scorpions
  3 necrophages
  2 cane toad simulacra (IceCv)
  A two-headed ogre simulacrum (IceCv)
  14 wights (D:7)
  A killer bee (D:8)
  An elephant simulacrum (IceCv)
  9 electric eels
  2 howler monkeys
  4 lava snakes (Volcano)
  4 hounds
  2 jellies
  36 orc priests
  An iron imp (Gauntlet)
  3 iguanas
  Ijyb (D:4)
  Natasha (thrice) (D:3)
  16 orc wizards
  9 spriggan simulacra (IceCv)
  A polar bear simulacrum (IceCv)
  8 troll simulacra (IceCv)
  5 gnolls
  5 adders
  4 naga simulacra (IceCv)
  2 shadow imps (Gauntlet)
  28 white imps
  An ufetubus (IceCv)
  3 worms
  3 dart slugs
  93 orcs
  7 bats
  6 endoplasms
  6 giant cockroaches
  2 goblins
  3 hobgoblins
  6 jackals
  4 quokkas
  9 ball pythons
  4 frilled lizards
  28 kobolds
  4 rats
  A spectral orc (D:13)
839 creatures vanquished.

Vanquished Creatures (collateral kills)
  A minotaur (Gauntlet)
  A centaur warrior (D:15)
  A wizard (D:15)
3 creatures vanquished.

Vanquished Creatures (others)
  47 fungi
  87 plants
134 creatures vanquished.

Grand Total: 976 creatures vanquished

Notes
Turn   | Place    | Note
-------+----------+-------------------------------------------
     0 | D:1      | MordorOrchid the Djinni Air Elementalist began the quest
                  | for the Orb.
     0 | D:1      | Reached XP level 1. HP: 15/15 MP: 0/0
    27 | D:1      | Reached XP level 2. HP: 7/22 MP: 0/0
   567 | D:1      | Reached XP level 3. HP: 21/26 MP: 0/0
   567 | D:1      | Learned a level 1 spell: Pain
   676 | D:1      | Reached skill level 3 in Spellcasting
  1118 | D:1      | Found a faded altar of an unknown god.
  1237 | D:2      | Reached skill level 1 in Fighting
  1447 | D:2      | Reached XP level 4. HP: 31/32 MP: 0/0
  2269 | D:3      | Found a hide-covered altar of Uskayaw.
  2301 | D:3      | Reached XP level 5. HP: 13/37 MP: 0/0
  2301 | D:3      | Learned a level 2 spell: Corpse Rot
  2618 | D:3      | Noticed Natasha
  2631 | D:3      | Killed Natasha
  2722 | D:3      | Found a broken altar of Ashenzari.
  2722 | D:3      | Found a snail-covered altar of Cheibriados.
  2809 | D:3      | Reached skill level 4 in Spellcasting
  2809 | D:3      | Reached XP level 6. HP: 34/43 MP: 0/0
  3004 | D:3      | Noticed Natasha
  3012 | D:3      | Killed Natasha
  3441 | D:3      | Noticed Natasha
  3500 | D:3      | Killed Natasha
  3869 | D:4      | Found Sooxzeenn's Elemental Accessories.
  3947 | D:4      | Reached XP level 7. HP: 43/49 MP: 0/0
  3947 | D:4      | Learned a level 3 spell: Portal Projectile
  4124 | D:4      | Found a staircase to the Ecumenical Temple.
  4133 | Temple   | Entered the Ecumenical Temple
  4338 | D:3      | Became a worshipper of Uskayaw the Reveller
  4558 | D:4      | Noticed Ijyb
  4559 | D:4      | Reached * piety under Uskayaw
  4569 | D:4      | Reached ** piety under Uskayaw
  4570 | D:4      | Killed Ijyb
  4754 | D:5      | Entered Level 5 of the Dungeon
  4914 | D:5      | Reached *** piety under Uskayaw
  4915 | D:5      | Reached skill level 5 in Spellcasting
  4997 | D:5      | Reached skill level 1 in Evocations
  4999 | D:5      | Reached skill level 1 in Invocations
  5354 | D:5      | Reached XP level 8. HP: 32/54 MP: 0/0
  5941 | D:6      | Reached skill level 6 in Spellcasting
  5945 | D:6      | Reached **** piety under Uskayaw
  6684 | D:6      | Reached XP level 9. HP: 15/58 MP: 0/0
  6684 | D:6      | Learned a level 4 spell: Passage of Golubria
  7089 | D:6      | Reached skill level 5 in Dodging
  7346 | D:6      | Found Ethrep's CLEARANCE SALE!.
  7478 | D:6      | Bought 3 scrolls of teleportation for 36 gold pieces
  7478 | D:6      | Bought a scroll of magic mapping for 14 gold pieces
  7478 | D:6      | Bought a potion of might for 16 gold pieces
  7478 | D:6      | Bought a scroll of magic mapping for 14 gold pieces
  7540 | D:6      | Found Danum's Book Shoppe.
  7598 | D:7      | Reached skill level 7 in Spellcasting
  7720 | D:7      | Reached skill level 1 in Shields
  7722 | D:7      | Reached ***** piety under Uskayaw
  8505 | D:7      | Reached XP level 10. HP: 38/67 MP: 0/0
  8947 | D:8      | Noticed a two-headed ogre
  8953 | D:8      | Killed a two-headed ogre
  8954 | D:8      | Reached skill level 8 in Spellcasting
  9316 | D:8      | Noticed a tengu warrior
  9317 | D:8      | Found a large runed translucent door.
  9318 | D:8      | Found a large runed translucent door.
  9319 | D:8      | Found a large runed translucent door.
  9319 | D:8      | Found a large runed translucent door.
  9818 | D:8      | Noticed a two-headed ogre
 10278 | D:8      | Killed a two-headed ogre
 11312 | D:8      | Killed a tengu warrior
 11313 | D:8      | Reached skill level 9 in Spellcasting
 11313 | D:8      | Reached XP level 11. HP: 42/74 MP: 0/0
 11313 | D:8      | Learned a level 4 spell: Flame Wave
 11366 | D:8      | Identified the +4 leather armour of Tecelivi {rC+}
 11408 | D:9      | Found War Bawaiso's Hallowed Reliquary.
 11408 | D:9      | Noticed an angel
 11413 | D:9      | Bought a potion of heal wounds for 70 gold pieces
 11746 | D:9      | Reached skill level 5 in Evocations
 11748 | D:9      | Reached skill level 5 in Invocations
 11844 | D:9      | Found a shadowy altar of Dithmenos.
 12236 | D:9      | Reached skill level 5 in Fighting
 12461 | D:10     | Entered Level 10 of the Dungeon
 12548 | D:10     | Noticed a two-headed ogre
 12552 | D:10     | Killed a two-headed ogre
 12661 | D:10     | Found a bloodstained altar of Trog.
 12675 | D:10     | Reached skill level 10 in Spellcasting
 12795 | D:10     | Found a staircase to the Orcish Mines.
 12917 | D:10     | Found a staircase to the Lair.
 13302 | Lair:1   | Entered Level 1 of the Lair of Beasts
 13371 | Lair:1   | Reached XP level 12. HP: 44/81 MP: 0/0
 13452 | Lair:1   | Noticed a six-headed hydra
 13462 | Lair:1   | Killed a six-headed hydra
 13463 | Lair:1   | Reached skill level 1 in Armour
 13677 | Lair:1   | Reached skill level 5 in Shields
 14498 | Lair:2   | Reached ****** piety under Uskayaw
 14601 | Lair:2   | Found a staircase to the Shoals.
 14778 | Lair:2   | Reached skill level 11 in Spellcasting
 15458 | Lair:3   | Found a hole to the Spider Nest.
 15463 | Lair:3   | Noticed a boulder beetle
 15477 | Lair:3   | Killed a boulder beetle
 15700 | Lair:3   | Noticed Rupert
 15775 | Lair:3   | Reached XP level 13. HP: 45/88 MP: 0/0
 15775 | Lair:3   | Learned a level 5 spell: Borgnjor's Vile Clutch
 16197 | Lair:4   | Noticed a four-headed hydra
 16203 | Lair:4   | Killed a four-headed hydra
 16535 | Lair:4   | Identified the +9 morningstar of Honour {vorpal, rF+ Int+2}
 17060 | Lair:5   | Found a frozen archway.
 17130 | IceCv    | Entered an ice cave
 17463 | IceCv    | Reached skill level 12 in Spellcasting
 18813 | Lair:5   | Found a staircase to the Slime Pits.
 18848 | Lair:6   | Entered Level 6 of the Lair of Beasts
 18876 | Lair:6   | Reached XP level 14. HP: 29/96 MP: 0/0
 19122 | Lair:6   | Found a dark tunnel.
 19128 | Volcano  | Entered a volcano
 19236 | Volcano  | Found a bloodstained altar of Trog.
 19295 | Volcano  | Noticed a red draconian
 19301 | Volcano  | Killed a red draconian
 19440 | Lair:6   | Reached skill level 5 in Armour
 20050 | Lair:6   | Reached skill level 13 in Spellcasting
 20549 | Spider:1 | Entered Level 1 of the Spider Nest
 20549 | Spider:1 | Noticed an entropy weaver
 20557 | Spider:1 | Killed an entropy weaver
 20810 | Spider:2 | Noticed an entropy weaver
 20817 | Spider:2 | Noticed a spark wasp
 20818 | Spider:2 | Killed an entropy weaver
 20973 | Spider:1 | Reached XP level 15. HP: 96/103 MP: 0/0
 20973 | Spider:1 | Learned a level 6 spell: Iron Shot
 21281 | Spider:1 | Reached skill level 10 in Dodging
 22337 | Spider:2 | Found a runed translucent gate.
 22338 | Spider:2 | Found a runed translucent gate.
 22339 | Spider:2 | Found a runed translucent gate.
 22341 | Spider:2 | Noticed Zirex's ghost (adept SpEn)
 22535 | Spider:3 | Killed a ghost moth
 23361 | D:11     | Reached skill level 14 in Spellcasting
 24177 | D:12     | Reached XP level 16. HP: 106/111 MP: 0/0
 24353 | D:12     | Noticed Sonja
 24358 | D:12     | Killed Sonja
 24401 | D:12     | Found a runed translucent gate.
 24402 | D:12     | Found a runed translucent gate.
 24403 | D:12     | Found a runed translucent gate.
 24991 | D:12     | Found a runed translucent gate.
 24991 | D:12     | Found a runed translucent gate.
 24996 | D:12     | Noticed Miritol's ghost (journeyman TeHu)
 25000 | D:12     | Found a runed translucent gate.
 25435 | D:13     | Found a gate to the Vaults.
 25449 | D:13     | Found Bocos's Distillery.
 25552 | Orc:1    | Entered Level 1 of the Orcish Mines
 25849 | Orc:1    | Upgraded the game from 0.29-a0-389-gd8082fcd2d to
                  | 0.29-a0-393-g47a863cc1b
 25851 | Orc:2    | Entered Level 2 of the Orcish Mines
 25907 | Orc:2    | Found a staircase to the Elven Halls.
 26042 | Orc:2    | Noticed Azrael
 26054 | Orc:2    | Killed Azrael
 26367 | Orc:2    | Found Etadoq's Armour Shoppe.
 26367 | Orc:2    | Found Puipa's Armour Boutique.
 26578 | Orc:2    | Found Usimy's Weapon Boutique.
 26578 | Orc:2    | Found Lororphiopt's Distillery.
 26751 | Orc:1    | Noticed Josephine
 26755 | Orc:1    | Killed Josephine
 27378 | D:13     | Identified a scroll of acquirement
 27379 | D:13     | Acquired 374 gold pieces
 27383 | D:13     | Found Mashy's Jewellery Boutique.
 27430 | D:13     | Found Weem's Book Emporium.
 27486 | D:13     | Identified the +1 leather armour of the Game of Kings
                  | {rPois Str-4 Dex+3 Stlth+}
 27647 | D:13     | Found a basalt altar of Yredelemnul.
 27833 | D:14     | Reached skill level 5 in Stealth
 27924 | D:14     | Reached XP level 17. HP: 47/117 MP: 0/0
 27924 | D:14     | Learned a level 6 spell: Summon Cactus Giant
 28034 | D:14     | Reached skill level 15 in Spellcasting
 28275 | D:15     | Entered Level 15 of the Dungeon
 28332 | D:15     | Found a gate leading to a gauntlet.
 28350 | Gauntlet | Entered a Gauntlet
 28350 | Gauntlet | Found a transporter.
 28360 | Gauntlet | Found a transporter.
 28361 | Gauntlet | Found a transporter.
 28372 | Gauntlet | Found a transporter.
 28373 | Gauntlet | Found a transporter.
 28377 | Gauntlet | Found a transporter.
 28377 | Gauntlet | Found a runed translucent door.
 28381 | Gauntlet | Found a transporter.
 28384 | Gauntlet | Found a transporter.
 28385 | Gauntlet | Found a transporter.
 28391 | Gauntlet | Found a runed translucent gate.
 28391 | Gauntlet | Found a runed translucent gate.
 28392 | Gauntlet | Found a runed translucent gate.
 28393 | Gauntlet | Found a transporter.
 28396 | Gauntlet | Found a transporter.
 28397 | Gauntlet | Found a transporter.
 28410 | Gauntlet | Found a transporter.
 28445 | Gauntlet | Found a runed translucent door.
 28465 | Gauntlet | Found a transporter.
 28617 | Gauntlet | Identified the +1 pair of boots "Earthly Heaven" {rN++
                  | Dex+5 Stlth+}
 28694 | Gauntlet | Identified the +1 hunting sling of Ogieq {venom, Stlth+}
 28704 | Gauntlet | Found the +10 morningstar "Eos" {elec, Halo rElec}
 28708 | Gauntlet | Identified the +2 troll leather armour of Ocvefid {rF+
                  | Will++ Regen+ Str-4}
 29002 | D:15     | Found a staircase to the Depths.
 29142 | D:15     | Reached skill level 10 in Evocations
 29237 | Depths:1 | Entered Level 1 of the Depths
 29241 | Depths:1 | Paralysed by a floating eye for 4 turns
 29243 | Depths:1 | HP: 5/118 [hell knight/+2 demon blade of flaming (9)]
 29243 | Depths:1 | Mangled by an ice dragon

Illustrated notes

Levels and vault maps discovered:
D:1:      wander_arrival_abandoned_jail, layout_loops_ring,
          shapermc_ecumenical_altar_hornbeckon
D:2:      layout_loops_ring, grunt_ministairs_1, st_stairs_13
D:3:      layout_basic, grunt_temple_overflow_open, uniq_natasha
D:4:      layout_loops_ring, lemuel_temple_firewalk_a, serial_bayou_pond_d,
          chequers_serial_rivers_micro_a, nicolae_elemental_shop, uniq_ijyb
D:5:      layout_rooms
D:6:      layout_layer_cave, serial_shops, kennysheep_mini_moat,
          nicolae_shop_clearance
D:7:      layout_basic
D:8:      layout_basic, minmay_hollow_rounded_squares
D:9:      layout_loops_corners, gammafunk_temple_overflow_elements,
          nicolae_good_shop
D:10:     layout_rooms, mainiacjoe_overflow_alcove_1,
          grunt_lair_entry_orc_guard_hut, orc_david_3
D:11:     minmay_chambers_of_sevens, layout_basic
D:12:     layout_basic, ploomutoo_gammafunk_ghost_potion_laboratory, uniq_sonja
D:13:     layout_irregular_city, erik_vaults_1, serial_bayou,
          serial_bayou_lake_a, serial_bayou_pond_d, serial_bayou_lagoon_a,
          serial_bayou_shore_b, serial_shops, nicolae_take_the_stairs,
          shop_statue, nicolae_stop_n_shop_2,
          yredelemnul_forgotten_temple_becter
D:14:     layout_basic, kennysheep_path_1, minmay_liquid_box
D:15:     grunt_enter_depths_magical_seal, layout_cave_pods,
          serial_park_tiny_pond, gauntlet_entry_generic
Temple:   eino_temple_scatter_basement
Lair:1:   layout_regular_city, st_stairs_9, infiniplex_staircase_pool,
          grunt_megastairs_3
Lair:2:   layout_regular_city, minmay_shoals_entry_beasts
Lair:3:   layout_cave_pods, nicolae_spider_entry_non_spiders,
          cheibrodos_lair_caveside_slide, uniq_rupert
Lair:4:   layout_loops_ring, beast_lair_carwin_10
Lair:5:   layout_loops_ring, dpeg_slime_entry_corner,
          portal_ice_cave_entry_imps, nicolae_quartered_pool_medium
Lair:6:   gammafunk_lair_ancient_temple, layout_regular_city, enter_volcano_4
Spider:1: nicolae_spider_jumping_over_cracks [nicolae_spider_jumping_sub_empty,
          nicolae_spider_jumping_sub_lanes, nicolae_spider_jumping_sub_moat,
          nicolae_spider_jumping_sub_rim], hangedman_spider_tarantella_strand
Spider:2: layout_spider_delve, ebering_ghost_rock_garden
Spider:3: layout_cave_pods, uniq_nikola
Orc:1:    layout_diamond_mine, basic_altar, uniq_josephine
Orc:2:    st_orc_town, layout_diamond_mine, hangedman_feature_mirror,
          uniq_azrael
Depths:1: layout_cave_pools, hell_entry, nicolae_kikubaaqudgha_miasma_corner,
          nicolae_qazlal_general_emergency

Skill      XL: |  1  2  3  4  5  6  7  8  9 10 11 12 13 14 15 16 17 |
---------------+----------------------------------------------------+-----
Spellcasting   | 3 4 5 6 7 9 10 11 12 13 14 15 | 15.3
Fighting       | 1 2 3 4 5 6 7 8 9 |  9.8
Dodging        | 3 4 5 6 7 8 9 10 11 | 11.4
Evocations     | 1 2 3 4 5 6 7 8 9 10 | 10.0
Invocations    | 1 2 3 4 5 6 7 8 9 |  9.9
Shields        | 2 3 4 5 6 7 8 9 |  9.2
Armour         | 2 4 5 |  5.3
Stealth        | 2 4 5 |  5.5

Action                   |  1- 3 |  4- 6 |  7- 9 | 10-12 | 13-15 | 16-18 || total
-------------------------+-------+-------+-------+-------+-------+-------++-------
Melee: Staff             |     3 |       |     1 |       |     4 |     6 ||    14
       Short sword       |       |       |       |     2 |       |       ||     2
       Dagger            |       |       |       |     1 |       |       ||     1
Throw: Dart              |       |       |       |       |     1 |       ||     1
 Cast: Shock             |    49 |    77 |    60 |    79 |    77 |     8 ||   350
       Static Discharge  |       |    14 |    24 |    41 |    35 |     8 ||   122
       Pain              |       |       |     5 |       |     2 |       ||     7
       Airstrike         |       |       |    66 |   221 |   341 |   119 ||   747
       Passage of Golubr |       |       |       |    18 |    33 |    74 ||   125
       Swiftness         |       |       |       |     1 |       |       ||     1
       Borgnjor's Vile C |       |       |       |       |   149 |    53 ||   202
       Flame Wave        |       |       |       |       |    13 |     5 ||    18
       Portal Projectile |       |       |       |       |     2 |       ||     2
       Iron Shot         |       |       |       |       |    74 |   183 ||   257
       Summon Cactus Gia |       |       |       |       |       |     4 ||     4
 Abil: Evoke Invisibilit |       |       |       |     1 |       |       ||     1
Evoke: Wand              |       |       |       |       |    24 |     6 ||    30
       Phial of floods   |       |       |       |       |     1 |       ||     1
  Use: Scroll            |       |     5 |     6 |    14 |     9 |     7 ||    41
       Potion            |       |       |       |       |     2 |     1 ||     3
 Stab: Sleeping          |     1 |       |       |     1 |       |       ||     2
       Paralysed         |       |       |       |     2 |       |     1 ||     3
Armor: Robe              |       |     2 |    11 |    10 |       |       ||    23
       Leather armour    |       |       |       |     3 |    21 |    37 ||    61
Dodge: Dodged            |     6 |    12 |    19 |    58 |    52 |    66 ||   213
Block: Buckler           |       |       |     2 |    12 |       |       ||    14
       Kite shield       |       |       |       |    10 |    52 |    62 ||   124

Table legend: (Time is in decaauts)
 A = Elapsed time spent in this place.
 B = Non-inter-level travel time spent in this place.
 C = Inter-level travel time spent in this place.
 D = Time resting spent in this place.
 E = Time spent auto-exploring this place.
 F = Levels seen in this place.
 G = Mean time per level.
                   A        B        C        D        E       F      G
               +--------+--------+--------+--------+--------+-----+--------+
         Total |  29288 |  27946 |   1342 |   6121 |  13198 |  31 |  944.8 |
       Dungeon |  17697 |  16826 |    871 |   3603 |   9468 |  15 | 1179.8 |
        Temple |    127 |    118 |      9 |      0 |     99 |   1 |  127.0 |
          Lair |   6191 |   5829 |    362 |    789 |   3454 |   6 | 1031.8 |
   Spider Nest |   2036 |   1939 |     97 |    638 |      0 |   3 |  678.7 |
  Orcish Mines |   1647 |   1647 |      0 |    546 |    177 |   2 |  823.5 |
        Depths |      5 |      5 |      0 |      0 |      0 |   1 |    5.0 |
      Ice Cave |    910 |    910 |      0 |    410 |      0 |   1 |  910.0 |
       Volcano |    285 |    285 |      0 |     71 |      0 |   1 |  285.0 |
      Gauntlet |    385 |    385 |      0 |     64 |      0 |   1 |  385.0 |
               +--------+--------+--------+--------+--------+-----+--------+

Top non-repeatable levels by time:
     D:8: 2204 daAuts
     D:7: 1592 daAuts
     D:6: 1441 daAuts
     D:3: 1403 daAuts
     D:5: 1397 daAuts
  Lair:6: 1350 daAuts
Spider:1: 1327 daAuts
    D:11: 1268 daAuts
     D:2: 1203 daAuts
     D:9: 1202 daAuts
  Lair:1: 1189 daAuts
     D:1: 1161 daAuts
    D:12: 1093 daAuts
   Orc:2: 1077 daAuts
  Lair:4: 1012 daAuts
